 Dungeon Crawl Stone Soup version bcrawl-1.36.4 (webtiles) character file.

Game seed: 12766780953486169501

321262 MisterOstroum the Covert (level 10, -8/51 HPs)
             Began as a Spriggan Enchanter on June 2, 2022.
             Was a Follower of Uskayaw.
             Mangled by an eight-headed hydra (13 damage)
             ... on level 1 of the Lair of Beasts on Aug 6, 2022.
             The game lasted 00:58:09 (9733 turns).

MisterOstroum the Covert (Spriggan Enchanter)       Turns: 9733, Time: 00:58:10

Health: -8/51      AC:  6    Str:  4    XL:     10   Next: 92%
Magic:  16/23      EV: 24    Int: 19    God:    Uskayaw [*.....]
Gold:   337        SH:  6    Dex: 18    Spells: 8/25 levels left

rFire    . . .     SeeInvis +   a - +1 rapier (flame)
rCold    . . .     Gourm    .   (shield restricted)
rNeg     . . .     Faith    .   x - +1 robe {RegenMP}
rPois    .         Spirit   .   (helmet restricted)
rElec    +         Reflect  +   (no cloak)
rCorr    .                      (gloves unavailable)
MR       +....                  (boots unavailable)
Stlth    +++++.....             j - +6 amulet of reflection
HPRegen  0.17/turn              C - ring of insulation
MPRegen  0.36/turn              F - +3 ring of protection

@: very quick
A: very small, unfitting armour, see invisible, herbivore, speed 3, slow
metabolism 2
a: Stomp, Renounce Religion


You were on level 1 of the Lair of Beasts.
You worshipped Uskayaw.
Uskayaw was noncommittal.
You were not hungry.

You visited 3 branches of the dungeon, and saw 11 of its levels.
You also visited: Sewer and Ossuary.

You collected 607 gold pieces.
You spent 270 gold pieces at shops.

Inventory:

Hand Weapons
 a - a +1 rapier of flaming (weapon)
 b - a +1 shortbow of flaming
 d - a +0 blowgun
 h - a +1 dagger of draining
 D - the +8 mithril axe "Arga" {speed, MR+, !w !a fuck you game}
   (You found it on level 6 of the Dungeon)

   Attacks with this weapon are significantly faster.
   It affects your resistance to hostile enchantments.
 E - a +0 hunting sling
Missiles
 c - 2337 arrows
 k - 329 bolts
 l - 1410 stones
 p - 282 poisoned needles
 u - 32 needles of frenzy {=f}
 y - 315 poisoned tomahawks (quivered)
 J - 1067 sling bullets
Armour
 n - a +0 robe
 x - a +1 robe of magic recovery (worn)
Jewellery
 j - a +6 amulet of reflection (around neck)
 C - a ring of insulation (left hand)
 F - a +3 ring of protection (right hand)
 T - the ring "Pumo" {Str+3 Stlth--}
   (You took it off a gnoll on level 8 of the Dungeon)

   [ring of attention]

   It affects your strength (+3).
   It makes you much less stealthy.
Wands
 V - a wand of digging (14)
 W - a wand of iceblast (7)
Scrolls
 f - 2 scrolls of blinking {@r4}
 i - 2 scrolls of identify {@r1}
 m - 6 scrolls of teleportation {@r3 !r}
 o - 3 scrolls of enchant weapon
 z - 3 scrolls of noise
 G - 3 scrolls of amnesia
 H - 5 scrolls of remove curse {@r2}
 I - 2 scrolls of fog {!r}
 M - 3 scrolls of brand weapon
 N - a scroll of silence
 P - 4 scrolls of immolation
 S - 2 scrolls of fear
 U - a scroll of vulnerability {unknown}
Potions
 g - 3 potions of heal wounds {@q2 !q}
 q - a potion of brilliance
 r - 5 potions of curing {@q1 !q}
 s - a potion of flight
 t - 2 potions of lignification {@q6}
 v - a potion of haste {@q4 !q}
 w - 2 potions of invisibility
 A - 4 potions of mutation
 B - 5 potions of agility
 K - a potion of resistance
 L - 2 potions of might
 O - 2 potions of ambrosia
 Q - a potion of cancellation
Miscellaneous
 R - a lightning rod (3/4)
 X - a sack of spiders
Comestibles
 e - 10 rations {!d}


   Skills:
 + Level 5.1 Fighting
 + Level 7.6 Short Blades
 - Level 8.0 Dodging
 - Level 10.0 Stealth
 - Level 8.0 Spellcasting
 + Level 9.1 Hexes
 - Level 3.0 Ice Magic
 - Level 5.0 Invocations
 + Level 5.4 Evocations


You had 8 spell levels left.
You knew the following spells:

 Your Spells              Type           Power        Failure   Level  Hunger
a - Slow                  Hex            #####...     1%          1    None
b - Ensorcelled Hibernat  Hex/Ice        ####..       1%          2    None
c - Confuse               Hex            #####...     1%          3    None
d - Tukima's Dance        Hex            #####...     1%          3    None
e - Cause Fear            Hex            #####.....   1%          4    ###....
f - Fulminant Prism       Conj/Hex       ####......   14%         4    ###....

Your spell library contained the following spells:

 Spells                   Type           Power        Failure   Level  Hunger
 Dazzling Orbs            Conj/Hex       ####...      4%          3    None
 Magic Dart               Conj           #...         9%          1    None
 Searing Ray              Conj           #.......     14%         2    None
 Iskenderun's Mystic Bla  Conj           #.......     26%         3    None
 Irradiate                Conj/Tmut      #.........   94%         5    #####..


Dungeon Overview and Level Annotations

Branches:
Dungeon (9/12)             Temple (1/1) D:7            Lair (1/6) D:9
    Orc (0/1) D:8

Altars:
Ashenzari
Cheibriados
Dithmenos
Elyvilon
Fedhas
Kikubaaqudgha
Lugonu
Makhleb
Okawaru
Qazlal
Ru
Trog
Uskayaw
Wu Jian
Xom
The Shining One

Shops:
D:5 !   D:9 }[

Annotations:
D:8 1 runed translucent door, Darthill6464's ghost, novice VSAc
D:9 exclusion: statue


Innate Abilities, Weirdness & Mutations

You are very small and have problems with some larger weapons.
You are too small for most types of armour.
You have supernaturally acute eyesight. (SInv)
You are a herbivore.
You cover ground extremely quickly.
You need to consume almost no food.


Message History

Aiming: Ensorcelled Hibernation (safe; 1% risk of failure)
Press: ? - help, Shift-Dir - straight line, f - river rat
Aim: a river rat (severely wounded, summoned, chance to defeat MR: 68%)
The river rat looks drowsy...
Branches wave dangerously above you.
The forest calms down.
The helpless river rat fails to defend itself.
You spit the river rat like a pig!!! You burn the river rat.
You kill the river rat!
The river rat's corpse disappears in a puff of smoke!
Really walk into a travel-excluded area?
Really walk into a travel-excluded area?
You see here a sack of spiders.
X - a sack of spiders The moss-covered statue gestures.
The rat disappears in a puff of smoke!
Really walk into a travel-excluded area?
You see here a ration {!d}.
e - 10 rations {!d} (gained 1)
The bat hits you but does no damage. The bat misses you.
The bat completely misses you. x2
The bat misses you. The bat closely misses you.
Really walk into a travel-excluded area? [Y]es or [N]o only, please.
Really walk into a travel-excluded area?
You block the bat's attack.
There is a staircase to the Lair here. (Use "xv" to examine it for information about this branch.)
The bat completely misses you. The bat hits you but does no damage.
You climb downwards.
Welcome to the Lair of Beasts!
A rune on the stairs sparks and fizzles.
There is a staircase back to the Dungeon here.
J - 1067 sling bullets (gained 132)
B - 5 potions of agility (gained 1)
Found a stone staircase leading down.
There is a stone staircase leading down here.
An eight-headed hydra comes into view.
You have encountered a dangerous foe!
The eight-headed hydra roars!
Unknown command.
Casting: Ensorcelled Hibernation (safe; 1% risk of failure)
Confirm with . or Enter, or press ? or * to list all spells.
Aiming: Confuse (safe; 1% risk of failure)
Press: ? - help, Shift-Dir - straight line, f - eight-headed hydra
Aim: an eight-headed hydra (chance to defeat MR: 32%)
The eight-headed hydra easily resists.
Wield which item (- for none, * to show all)? (? for menu, Esc to quit)
Okay, then.
Casting: Confuse (safe; 1% risk of failure)
Confirm with . or Enter, or press ? or * to list all spells.
Aiming: Confuse (safe; 1% risk of failure)
Press: ? - help, Shift-Dir - straight line, f/p - eight-headed hydra
Aim: an eight-headed hydra (chance to defeat MR: 32%)
The eight-headed hydra appears confused.
Unknown command.
Unknown command.
Wield which item (- for none, * to show all)? (? for menu, Esc to quit)
Okay, then.
Throwing (i - inventory. (/) - cycle)
y - 316 poisoned tomahawks (quivered)
Press: ? - help, Shift-Dir - straight line, f/p - eight-headed hydra
Aim: an eight-headed hydra (confused)
You throw a poisoned tomahawk.
The poisoned tomahawk hits the eight-headed hydra.
The eight-headed hydra is lightly wounded.
You stomp with the beat, sending a shockwave through the revelers around you!
The fungus is moderately damaged.
The eight-headed hydra is moderately wounded.
You feel somewhat more hungry.
You can no longer stomp with the beat.
You block the eight-headed hydra's attack.
The eight-headed hydra completely misses you.
The eight-headed hydra misses you. The eight-headed hydra bites you!
The eight-headed hydra barely misses you.
The eight-headed hydra completely misses you.
The eight-headed hydra closely misses you.
You block the eight-headed hydra's attack.
You strike the helpless eight-headed hydra from behind!
You impale the eight-headed hydra!! You burn the eight-headed hydra!
The eight-headed hydra is severely wounded.
The eight-headed hydra barely misses you.
The eight-headed hydra bites you. The eight-headed hydra misses you.
The eight-headed hydra bites you.
The eight-headed hydra completely misses you.
The eight-headed hydra closely misses you.
The eight-headed hydra bites you!
You block the eight-headed hydra's attack.
You can now stomp with the beat.
You puncture the eight-headed hydra! You burn the eight-headed hydra.
The eight-headed hydra is almost dead.
The eight-headed hydra barely misses you.
The eight-headed hydra bites you!
* * * LOW HITPOINT WARNING * * *
The eight-headed hydra misses you.
The eight-headed hydra barely misses you.
The eight-headed hydra completely misses you.
The eight-headed hydra bites you.
* * * LOW HITPOINT WARNING * * *
The eight-headed hydra bites you!
You die... ### .... . . ..# .#. .# .. #.# ..##.# ..ā‰ˆ #.# .....
Pā‰ˆā‰ˆā‰ˆ

#.# # ...#
..... #.# .#
..##
......#.###.#
...#
#......D@..#
<..#
#.#..#P..#..#
#..# ....
###.####
#.#####...#
##..#
.........#
#P.##
#.........
##..#
..#####..#
#.## #.# #..#
#.# #.# #..#
#.#


You could see an eight-headed hydra (confused).

Vanquished Creatures
  An unseen horror (D:8)
  An elephant (D:9)
  A troll (D:8)
  A hippogriff (D:8)
  A vampire (D:9)
  2 hungry ghosts
  A warg (D:8)
  2 slaves (D:8)
  4 ice beasts
  The ghost of tronn the Skirmisher, an amateur SDFi (D:5)
  4 sky beasts
  3 phantoms
  4 ogres
  4 bullfrogs
  2 kobold brigands
  A wyvern zombie (D:9)
  7 centaurs
  13 killer bees
  5 wights (D:7)
  4 howler monkeys
  2 orc priests (D:8)
  3 crimson imps
  A bullfrog zombie (D:5)
  3 human zombies (Ossuary)
  2 jellies (D:5)
  A bullfrog skeleton (D:5)
  6 hounds
  3 iguanas
  Jessica (D:2)
  Natasha (twice) (D:3)
  2 gnoll shamans
  8 orc wizards
  11 worker ants
  2 kobold zombies (Ossuary)
  A hound zombie (D:8)
  A hound skeleton (D:5)
  3 mummies
  A worker ant zombie (D:8)
  A howler monkey skeleton (D:9)
  17 adders
  12 gnolls
  2 howler monkey zombies
  2 river rats (Sewer)
  A shadow imp (D:3)
  An ooze (D:4)
  2 adder skeletons
  2 worms
  A dart slug (D:1)
  4 leopard geckos
  28 orcs
  8 bats (D:1)
  5 giant cockroaches
  3 goblins
  13 hobgoblins
  14 jackals
  3 quokkas
  2 ball pythons
  3 frilled lizards
  2 hobgoblin zombies (Ossuary)
  19 kobolds
  An orc zombie (Ossuary)
  12 rats
273 creatures vanquished.

Vanquished Creatures (collateral kills)
  An orc warrior (D:8)
  A kobold brigand (Sewer)
  A killer bee (D:8)
  2 wights (D:7)
  A kobold (D:6)
6 creatures vanquished.

Vanquished Creatures (others)
  A dancing weapon (D:3)
  5 killer bees (D:8)
  A howler monkey (D:8)
  An orc priest (D:8)
  An adder (D:8)
  2 gnolls (D:8)
  4 orcs (D:8)
  2 plants (D:9)
17 creatures vanquished.

Grand Total: 296 creatures vanquished

Notes
Turn   | Place    | Note
-------+----------+-------------------------------------------
     0 | D:1      | MisterOstroum the Spriggan Enchanter began the quest for
                  | the Orb.
     0 | D:1      | Reached XP level 1. HP: 9/9 MP: 5/5
   125 | D:1      | Reached skill level 1 in Fighting
   201 | D:1      | Reached XP level 2. HP: 14/14 MP: 6/6
   217 | D:1      | Learned a level 2 spell: Ensorcelled Hibernation
   927 | D:2      | Reached XP level 3. HP: 16/18 MP: 8/8
  1614 | D:2      | Reached skill level 1 in Ice Magic
  1614 | D:2      | Reached XP level 4. HP: 20/23 MP: 9/9
  1761 | D:2      | Noticed Jessica
  1768 | D:2      | Killed Jessica
  1783 | D:2      | Learned a level 3 spell: Confuse
  1787 | D:2      | Learned a level 3 spell: Tukima's Dance
  1859 | D:3      | Noticed Natasha
  1901 | D:3      | Found a glowing drain.
  1915 | Sewer    | Entered a sewer
  1923 | Sewer    | Reached XP level 5. HP: 26/26 MP: 5/11
  2065 | Sewer    | Found a white marble altar of Elyvilon.
  2074 | Sewer    | Became a worshipper of Elyvilon the Healer
  2386 | D:3      | Reached XP level 6. HP: 25/30 MP: 10/13
  2484 | D:4      | Found the +5 demon whip "Spellbinder" {antimagic, MR+}
  2618 | D:3      | Killed Natasha
  2619 | D:3      | Reached skill level 5 in Hexes
  2769 | D:3      | Noticed Natasha
  2783 | D:3      | Killed Natasha
  3269 | D:4      | Reached skill level 5 in Spellcasting
  3269 | D:4      | Reached XP level 7. HP: 27/35 MP: 11/15
  3707 | D:4      | Reached * piety under Elyvilon
  4079 | D:5      | Entered Level 5 of the Dungeon
  4097 | D:5      | Found a transporter.
  4145 | D:5      | Reached XP level 8. HP: 27/39 MP: 21/21
  4150 | D:5      | Learned a level 4 spell: Cause Fear
  4150 | D:5      | Upgraded the game from bcrawl-1.36.3 to bcrawl-1.36.4
  4189 | D:5      | Reached ** piety under Elyvilon
  4196 | D:5      | Found a transporter.
  4220 | D:5      | Noticed tronn's ghost (amateur SDFi)
  4243 | D:5      | Learned a level 1 spell: Slow
  4439 | D:5      | Found Ulen's Distillery.
  4447 | D:5      | Bought a potion of haste for 150 gold pieces
  4447 | D:5      | Bought 2 potions of agility for 120 gold pieces
  4803 | D:5      | Reached skill level 5 in Stealth
  5179 | D:5      | Reached skill level 6 in Stealth
  5196 | D:5      | Killed tronn's ghost
  5289 | D:6      | Found the +8 mithril axe "Arga" {speed, MR+}
  5290 | D:6      | Reached *** piety under Elyvilon
  5325 | D:6      | Reached skill level 5 in Dodging
  5350 | D:6      | Reached XP level 9. HP: 34/44 MP: 13/22
  5432 | D:6      | Reached skill level 7 in Stealth
  5583 | D:6      | Found a snail-covered altar of Cheibriados.
  5683 | D:6      | Found a transporter.
  5852 | D:6      | Found a transporter.
  5896 | D:6      | Learned a level 4 spell: Fulminant Prism
  6041 | D:7      | Found a staircase to the Ecumenical Temple.
  6053 | Temple   | Entered the Ecumenical Temple
  6152 | Temple   | Fell from the grace of Elyvilon
  6152 | Temple   | Became a worshipper of Uskayaw the Reveler
  6194 | D:7      | Reached * piety under Uskayaw
  6195 | D:7      | Reached ** piety under Uskayaw
  6198 | D:7      | Reached *** piety under Uskayaw
  6236 | D:7      | Found a sand-covered staircase.
  6244 | Ossuary  | Entered an ossuary
  6306 | Ossuary  | Reached skill level 5 in Fighting
  6386 | Ossuary  | Reached skill level 1 in Invocations
  6845 | D:7      | Found a shadowy altar of Dithmenos.
  6892 | D:7      | Identified a scroll of acquirement
  6894 | D:7      | Identified the ring of Nutaydy {MP+9 Str-4 Dex+3 SInv} (You
                  | acquired it on level 7 of the Dungeon)
  7516 | D:8      | Reached skill level 8 in Stealth
  7516 | D:8      | Reached skill level 5 in Invocations
  7516 | D:8      | Reached XP level 10. HP: 50/51 MP: 23/23
  7623 | D:8      | Reached skill level 5 in Short Blades
  7642 | D:8      | Reached skill level 1 in Evocations
  7974 | D:8      | Identified the ring "Pumo" {Str+3 Stlth--}
  8100 | D:8      | Reached skill level 9 in Stealth
  8450 | D:8      | Found a staircase to the Orcish Mines.
  8698 | D:8      | Noticed an unseen horror
  8706 | D:8      | Killed an unseen horror
  8900 | D:8      | Found a runed translucent door.
  8900 | D:8      | Noticed a cyclops
  8901 | D:8      | Noticed Darthill6464's ghost (novice VSAc)
  9071 | D:9      | Reached skill level 10 in Stealth
  9085 | D:9      | Found Fitwill's Gadget Shop.
  9088 | D:9      | Found Quhulups's Antique Armour Shop.
  9135 | D:9      | Reached skill level 5 in Evocations
  9203 | D:9      | Found a shadowy altar of Dithmenos.
  9205 | D:9      | Found a stormy altar of Qazlal.
  9432 | D:9      | Noticed an elephant
  9506 | D:9      | Killed an elephant
  9603 | D:9      | Found a staircase to the Lair.
  9676 | Lair:1   | Entered Level 1 of the Lair of Beasts
  9724 | Lair:1   | Noticed an eight-headed hydra
  9733 | Lair:1   | Mangled by an eight-headed hydra

Skill      XL: |  1  2  3  4  5  6  7  8  9 10 |
---------------+-------------------------------+-----
Fighting       | 1 2 3 5 |  5.1
Spellcasting   | 3 4 5 8 |  8.0
Short Blades   | 2 3 4 7 |  7.6
Hexes          | 4 5 8 9 |  9.1
Ice Magic      | 1 2 3 |  3.0
Stealth        | 6 8 10 | 10.0
Dodging        | 5 8 |  8.0
Invocations    | 5 |  5.0
Evocations     | 5 |  5.4

Action                   |  1- 3 |  4- 6 |  7- 9 | 10-12 || total
-------------------------+-------+-------+-------+-------++-------
Melee: Dagger            |   110 |    26 |       |     5 ||   141
       Rapier            |       |   113 |   248 |   161 ||   522
 Fire: Hunting sling     |       |       |     1 |       ||     1
       Shortbow          |       |       |    24 |     4 ||    28
       Blowgun           |       |       |       |    28 ||    28
Throw: Stone             |     1 |    19 |    26 |    13 ||    59
       Tomahawk          |       |       |     3 |    19 ||    22
       Throwing net      |       |       |     1 |       ||     1
 Cast: Ensorcelled Hiber |     3 |    26 |    48 |    58 ||   135
       Slow              |     1 |       |     1 |       ||     2
       Confuse           |       |    12 |    39 |    47 ||    98
       Tukima's Dance    |       |     3 |    11 |     2 ||    16
       Cause Fear        |       |       |     4 |     2 ||     6
Invok: Lunge             |       |       |     2 |     2 ||     4
       Purification      |       |       |     2 |       ||     2
       Stomp             |       |       |       |     1 ||     1
Evoke: Lightning rod     |       |       |     3 |       ||     3
  Use: Potion            |     2 |     2 |       |       ||     4
       Scroll            |       |    11 |    11 |     1 ||    23
 Stab: Sleeping          |    13 |    21 |    51 |    26 ||   111
       Confused          |       |     4 |    12 |    13 ||    29
       Fleeing           |       |       |     1 |       ||     1
       Distracted        |       |       |       |     2 ||     2
  Eat: Ration            |       |     2 |     4 |     3 ||     9
Armor: Robe              |     9 |    12 |    14 |    13 ||    48
Dodge: Dodged            |    70 |   120 |   147 |   139 ||   476
Block: Other             |       |       |    21 |    46 ||    67
       Reflection        |       |       |     3 |     9 ||    12
